 Dungeon Crawl Stone Soup version 0.22-a0-455-ga0624bf (webtiles) character file.

422 cultivahabas the Cleaver (level 6, -1/57 HPs)
             Began as a Hill Orc Monk on June 5, 2018.
             Killed from afar by a white imp (11 damage)
             ... with a puff of frost
             ... summoned by iamserjio's ghost
             ... on level 4 of the Dungeon.
             The game lasted 00:08:45 (3636 turns).

cultivahabas the Cleaver (Hill Orc Monk)            Turns: 3636, Time: 00:08:46

Health: -1/57      AC:  6    Str: 16    XL:     6   Next: 95%
Magic:  6/6        EV: 11    Int: 10    God:
Gold:   217        SH:  0    Dex: 13    Spells: 5/5 levels left

rFire    . . .     SeeInvis .   a - +3 hand axe (freeze)
rCold    . . .     Gourm    .   (no shield)
rNeg     . . .     Faith    .   i - +0 ring mail
rPois    .         Spirit   .   (no helmet)
rElec    .         Reflect  .   (no cloak)
rCorr    .         Harm     .   k - +0 pair of gloves
MR       .....                  (no boots)
Stlth    +.........             (no amulet)
HPRegen  0.19/turn              (no ring)
MPRegen  0.10/turn              (no ring)

@: very slightly contaminated
A: no striking features
a: no special abilities


You were on level 4 of the Dungeon.
You were near starving.

You visited 1 branch of the dungeon, and saw 4 of its levels.

You collected 217 gold pieces.

Inventory:

Hand Weapons
 a - a +3 hand axe of freezing (weapon)
 s - a +0 war axe
Missiles
 j - 35 stones (quivered)
Armour
 i - a +0 ring mail (worn)
 k - a +0 pair of gloves (worn)
Wands
 m - a wand of enslavement (20)
Scrolls
 b - 4 scrolls of identify
 f - a scroll of teleportation
 g - a scroll of amnesia
 p - a scroll of remove curse
 q - a scroll of fear
Potions
 e - a potion of mutation {unknown}
 h - 3 potions of curing {unknown}
 l - a potion of cancellation {unknown}
 n - a potion of brilliance {unknown}
 o - 3 potions of magic {unknown}
 t - 3 potions of resistance {unknown}
 u - a potion of ambrosia {unknown}
 v - a potion of heal wounds {unknown}
Comestibles
 c - 10 rations


   Skills:
 + Level 6.0 Fighting
 * Level 8.5 Axes
 - Level 2.4 Dodging
 - Level 1.5 Stealth


You had 5 spell levels left.
You didn't know any spells.
Your spell library was empty.

Dungeon Overview and Level Annotations

Branches:
Dungeon (4/15)
 Temple: D:4-7

Altars:
Wu Jian
The Shining One

Shops:
D:4 [

Annotations:
D:4 iamserjio's ghost, amateur OgWz


Message History

You closely miss iamserjio's ghost.
Iamserjio's ghost is severely damaged.
The crimson imp blinks!
The white imp gestures at you. The puff of frost hits you!
* * * LOW HITPOINT WARNING * * *
Iamserjio's ghost hits you.
* * * LOW HITPOINT WARNING * * *
Blink to where?
Press: ? - help, Dir - move target cursor You are very lightly contaminated with residual magic.
As you read the scroll of blinking, it crumbles to dust.
The white imp gestures at you. The puff of frost misses you.
There is a stone staircase leading down here.
The white imp shouts, "Despond, thou currish beef-witted snake-molt!"
There is a stone staircase leading up, spattered with blood here.
The white imp gestures at you. The puff of frost hits you!
You die...

P♣≈≈......###....#
#.# ..P≈≈≈≈...#
##W..# #.#
..≈≈≈≈≈.PP# #.5.#
#.# .≈≈≈≈≈≈≈..#
#...# #.#
≈≈≈≈≈≈≈≈≈.#####..#
#.#
≈≈≈≈≈≈≈≈≈P..[....#
#.#
≈≈≈≈≈≈≈≈...#####.#
#.#######
.♣≈≈≈≈≈≈.P.# #>#
#........
..[≈≈..P...#
#@################
....PP.P...#
#...........#
#######....#
###########.######
###### #.......
########


You could see iamserjio's ghost and a white imp.

Vanquished Creatures
  Edmund (D:4)
  An ogre (D:4)
  A crimson imp (D:4)
  A bullfrog zombie (D:2)
  An orc priest (D:3)
  A worker ant (D:4)
  5 adders
  A worm (D:2)
  3 leopard geckos
  3 orcs (D:3)
  2 ball pythons
  7 bats
  3 giant cockroaches
  8 goblins
  3 hobgoblins
  5 frilled lizards
  6 kobolds
  7 rats
59 creatures vanquished.

Notes
Turn   | Place    | Note
-------+----------+-------------------------------------------
     0 | D:1      | cultivahabas the Hill Orc Monk began the quest for the Orb.
     0 | D:1      | Reached XP level 1. HP: 19/19 MP: 1/1
   210 | D:1      | Reached XP level 2. HP: 27/27 MP: 2/2
   659 | D:2      | Reached skill level 5 in Axes
   659 | D:2      | Reached XP level 3. HP: 20/33 MP: 3/3
   997 | D:2      | Found a glowing golden altar of the Shining One.
  1135 | D:2      | Reached XP level 4. HP: 36/41 MP: 4/4
  1292 | D:2      | Found an ornate altar of the Wu Jian Council.
  1635 | D:3      | Reached skill level 6 in Axes
  1826 | D:3      | Reached XP level 5. HP: 47/47 MP: 5/5
  2194 | D:4      | Noticed Edmund
  2327 | D:4      | Killed Edmund
  2327 | D:4      | Reached skill level 5 in Fighting
  2327 | D:4      | Reached skill level 7 in Axes
  2327 | D:4      | Reached XP level 6. HP: 25/56 MP: 6/6
  2625 | D:4      | HP: 2/56 [ogre/giant club (16)]
  2947 | D:4      | Found Veceripny's Armour Boutique.
  3475 | D:4      | Noticed iamserjio's ghost (amateur OgWz)
  3487 | D:4      | Reached skill level 8 in Axes
  3636 | D:4      | Killed from afar by a white imp

Vault maps used:
D:1:      dpeg_arrival_tiny_j
D:2:      old_standard_altar, tso_metal_star
D:4:      serial_shops, shop, portal_sewer_entry_d, interstate_on_off,
          guppyfry_early_lair_pool, uniq_edmund

Skill      XL: |  1  2  3  4  5  6 |
---------------+-------------------+-----
Fighting       | 4 5 6 |  6.0
Axes           | 5 6 7 8 |  8.5
Dodging        | |  2.4
Stealth        | |  1.5

Action                   |  1- 3 |  4- 6 || total
-------------------------+-------+-------++-------
Melee: Hand axe          |   113 |    80 ||   193
       War axe           |       |    38 ||    38
Throw: Stone             |     4 |       ||     4
  Use: Scroll            |       |     9 ||     9
 Stab: Sleeping          |     1 |     1 ||     2
  Eat: Chunk             |     1 |     6 ||     7
Armor: Ring mail         |    40 |    33 ||    73
       Robe              |     1 |       ||     1
Dodge: Dodged            |    76 |    71 ||   147

Table legend:
 A = Spawn XP
 B = Non-spawn XP
 C = Spawn XP percentage of total XP
 D = Spawn monster count
 E = Non-spawn monster count
 F = Spawn count percentage of total count
 G = Total turns spent on level
                    A         B        C        D         E        F      G
               +---------+---------+-------+---------+---------+-------+---------
         Total |       0 |     604 |   0.0 |       0 |      59 |   0.0 |  3636
               +---------+---------+-------+---------+---------+-------+---------
           D:1 |       0 |      27 |   0.0 |       0 |      19 |   0.0 |   733
           D:2 |       0 |      75 |   0.0 |       0 |      11 |   0.0 |   845
           D:3 |       0 |      86 |   0.0 |       0 |      17 |   0.0 |  1009
           D:4 |       0 |     416 |   0.0 |       0 |      12 |   0.0 |  1049
               +---------+---------+-------+---------+---------+-------+---------
